 Dungeon Crawl Stone Soup version 0.23.2-11-gf996548c65 (webtiles) character file.

Game seed: 9795576245694952591

1434 kae the Transmogrifier (level 8, -4/59 HPs)
             Began as a Pale Draconian Transmuter on June 3, 2019.
             Slain by a phantom (8 damage)
             ... on level 6 of the Dungeon.
             The game lasted 00:07:26 (5011 turns).

kae the Transmogrifier (Pale Draconian Transmuter)  Turns: 5011, Time: 00:07:26

Health: -4/59      AC:  7    Str: 13    XL:     8   Next: 45%
Magic:  13/16      EV: 12    Int: 14    God:
Gold:   265        SH:  0    Dex: 17    Spells: 7/18 levels left

rFire    . . .     SeeInvis .     - Unarmed
rCold    . . .     Gourm    .   (shield currently unavailable)
rNeg     . . .     Faith    .   (armour unavailable)
rPois    .         Spirit   .   (helmet restricted)
rElec    .         Reflect  .   (no cloak)
rCorr    .         Harm     .   (gloves currently unavailable)
MR       .....                  (no boots)
Stlth    ++........             (no amulet)
HPRegen  0.19/turn              p - +1 ring of protection
MPRegen  0.15/turn              m - +4 ring of dexterity

@: blade hands, lightly drained
A: breathe steam, unfitting armour, cold-blooded, AC +6
a: Breathe Steam, End Transformation


You were on level 6 of the Dungeon.
You were not hungry.
You had blades for hands.
You visited 1 branch of the dungeon, and saw 6 of its levels.

You collected 265 gold pieces.

Inventory:

Missiles
 a - 57 arrows
Jewellery
 b - an uncursed ring of protection from cold
 m - a +4 ring of dexterity (right scythe-like blade)
 p - a +1 ring of protection (left scythe-like blade)
Wands
 f - a wand of acid (13)
Scrolls
 e - a scroll of identify
 g - 2 scrolls of fog
 i - 3 scrolls of remove curse
 j - a scroll of noise
 l - 2 scrolls of enchant armour
 n - 2 scrolls of amnesia
Potions
 d - 3 potions of curing
 h - 2 potions of flight
 k - 2 potions of lignification
 o - a potion of invisibility
 r - 3 potions of berserk rage
 s - a potion of cancellation
 t - a potion of might
Comestibles
 c - 9 rations


   Skills:
 - Level 1.1(0.9) Fighting
 - Level 1.7(1.6) Dodging
 + Level 3.7(3.5) Unarmed Combat
 + Level 5.7(5.5) Spellcasting
 * Level 8.6(8.5) Transmutations


You had 7 spell levels left.
You knew the following spells:

 Your Spells              Type           Power        Failure   Level  Hunger
a - Beastly Appendage     Tmut           ####..       12%         1    None
b - Sticks to Snakes      Tmut           ####....     14%         2    ##.....
c - Spider Form           Tmut/Pois      ###.......   43%         3    ###....
d - Blade Hands           Tmut           ####......   54%         5    ######.

Your spell library contained the following spells:

 Spells                   Type           Power        Failure   Level  Hunger
 Ice Form                 Ice/Tmut       ###.....     71%         4    ####...


Dungeon Overview and Level Annotations

Branches:
Dungeon (6/15)
 Temple: D:4-7

Altars:
Ashenzari
Gozag
Nemelex Xobeh
Xom

Shops:
D:5 *


Innate Abilities, Weirdness & Mutations

You can breathe blasts of scalding, opaque steam.
Your pale cyan-grey scales are hard. (AC +6)
You cannot fit into any form of body armour.
You are cold-blooded and may be slowed by cold attacks.


Message History

The orc is lightly wounded.
The orc closely misses you.
You slash the orc!
You kill the orc!
The phantom blinks! x2
The orc warrior hits you from afar with a +0 trident!!
Things that are here:
a +0 whip; an orc corpse The orc warrior closely misses you.
You hit the orc warrior but do no damage.
You tail-slap the orc warrior.
The orc warrior is moderately wounded.
The orc warrior hits you with a +0 trident!
* * * LOW HITPOINT WARNING * * *
You slice the orc warrior!!
You kill the orc warrior!
You slash the phantom!
The phantom is moderately damaged.
The phantom hits you!
You die...

...............##.#.## #
#.....####..##.##..... ##.
##..............#######
...###............#..#######
.......#....................
..........................).
..h..).#(...................
....o..#..W).W............).
.....ooo###@######....>.....
....§.§..##.).)...........##
.....§...#######....§...#.)#
.........# #............
......>..# #............
....!....# #............
........## #............
.#.....## #########....
#....


You could see 2 phantoms.

Vanquished Creatures
  Grinder (D:5)
  Sigmund (D:4)
  An orc warrior (D:6)
  A phantom (D:6)
  3 ogres
  3 wights (D:6)
  A bullfrog skeleton (D:4)
  A jelly (D:6)
  4 orc wizards
  Natasha (thrice) (D:3)
  4 worker ants
  6 adders
  A shadow imp (D:6)
  3 oozes
  2 adder skeletons
  A worm (D:2)
  3 dart slugs
  2 leopard geckos
  17 orcs
  2 ball pythons
  6 bats
  7 goblins
  4 hobgoblins
  11 jackals
  4 quokkas
  2 frilled lizards
  6 kobolds
  A leopard gecko skeleton (D:6)
  10 rats
111 creatures vanquished.

Notes
Turn   | Place    | Note
-------+----------+-------------------------------------------
     0 | D:1      | kae the Draconian Transmuter began the quest for the Orb.
     0 | D:1      | Reached XP level 1. HP: 16/16 MP: 3/3
   103 | D:1      | Reached XP level 2. HP: 23/23 MP: 3/5
   165 | D:1      | Reached skill level 3 in Transmutations
   266 | D:1      | Reached XP level 3. HP: 23/28 MP: 4/6
   270 | D:1      | Learned a level 2 spell: Sticks to Snakes
   274 | D:1      | Learned a level 3 spell: Spider Form
  1109 | D:2      | Reached XP level 4. HP: 27/35 MP: 4/8
  1341 | D:3      | Noticed Natasha
  1349 | D:3      | Killed Natasha
  1349 | D:3      | Reached skill level 4 in Transmutations
  1701 | D:3      | Found a shattered altar of Ashenzari.
  1701 | D:3      | Noticed Natasha
  1710 | D:3      | Killed Natasha
  1718 | D:3      | Reached XP level 5. HP: 32/40 MP: 6/9
  1877 | D:3      | Noticed Natasha
  1886 | D:3      | Killed Natasha
  2402 | D:4      | Noticed Sigmund
  2412 | D:4      | Killed Sigmund
  2412 | D:4      | Reached skill level 5 in Transmutations
  2412 | D:4      | Reached XP level 6. HP: 40/47 MP: 9/11
  2777 | D:4      | Reached skill level 6 in Transmutations
  2842 | D:4      | Your scales start taking on a pale cyan-grey colour.
  2842 | D:4      | Reached XP level 7. HP: 42/52 MP: 10/13
  2859 | D:4      | Found a shimmering altar of Xom.
  3268 | D:5      | Entered Level 5 of the Dungeon
  3410 | D:5      | Found Gozag's Platinum Reserve.
  3424 | D:5      | Found an opulent altar of Gozag.
  3436 | D:5      | Noticed Grinder
  3438 | D:5      | Paralysed by Grinder for 4 turns
  3443 | D:5      | Paralysed by Grinder for 2 turns
  3457 | D:5      | Killed Grinder
  3457 | D:5      | Reached skill level 7 in Transmutations
  3653 | D:5      | Reached skill level 5 in Spellcasting
  3792 | D:5      | Reached XP level 8. HP: 59/59 MP: 11/15
  4159 | D:5      | Found a sparkling altar of Nemelex Xobeh.
  4488 | D:6      | Reached skill level 8 in Transmutations
  4749 | D:5      | Learned a level 5 spell: Blade Hands
  5011 | D:6      | Slain by a phantom

Skill      XL: |  1  2  3  4  5  6  7  8 |
---------------+-------------------------+-----
Transmutations | 3 4 5 6 7 8 |  8.6
Spellcasting   | 3 4 5 |  5.7
Fighting       | |  1.1
Dodging        | |  1.7
Unarmed Combat | |  3.7

Action                   |  1- 3 |  4- 6 |  7- 9 || total
-------------------------+-------+-------+-------++-------
Melee: Unarmed           |   108 |   143 |   123 ||   374
       Tailslap          |    12 |     2 |     9 ||    23
       Kick              |     9 |       |       ||     9
       Punch             |     2 |     2 |       ||     4
       Headbutt          |     2 |       |       ||     2
 Cast: Beastly Appendage |    20 |       |       ||    20
       Spider Form       |     2 |    11 |    14 ||    27
       Blade Hands       |       |       |     2 ||     2
 Abil: Breathe Steam     |       |       |     7 ||     7
       End Transformatio |       |       |     1 ||     1
  Use: Scroll            |     4 |     4 |     9 ||    17
       Potion            |       |     1 |     1 ||     2
 Stab: Sleeping          |     1 |       |       ||     1
  Eat: Chunk             |     1 |     7 |     7 ||    15
       Ration            |       |       |     1 ||     1
Armor: Skin              |    33 |    23 |    27 ||    83
Dodge: Dodged            |    82 |   113 |    96 ||   291
